Map: Prion Terraces

Players

venividivici

  • Race: Protoss Protoss
  • League: Platinum

LilDicky - Winner!

  • Race: Terran Terran
  • League: Diamond

VOD

http://www.twitch.tv/tumescentpie

Description

Time

  • Played on: Dec. 6, 2015, 7:27 p.m.
  • Length: 6:24
Show
View Real Time Build Order
Export as new Build Order

venividivici Protoss 

Build Orders: Nexus First 

Get SALT Encoding   

  12  0:02  Probe (Chrono Boost)  
  13  0:13  Probe (Chrono Boost)  
  14  0:18  Pylon  
  14  0:23  Probe (Chrono Boost)  
  15  0:36  Probe (Chrono Boost)  
  16  0:56  Nexus  
  16  0:58  Probe (Chrono Boost)  
  17  1:09  Gateway  
  17  1:13  Probe (Chrono Boost)  
  17  1:18  Assimilator  
  18  1:23  Probe (Chrono Boost)  
  19  1:31  Assimilator  
  19  1:34  Probe (Chrono Boost)  
  20  1:45  Probe (Chrono Boost)  
  21  1:49  Pylon  
  21  1:57  Cybernetics Core  
  21  2:00  Probe (Chrono Boost)  
  23  2:08  Probe (Chrono Boost)  
  23  2:10  Probe (Chrono Boost)  
  24  2:19  Probe (Chrono Boost)  
  24  2:21  Probe (Chrono Boost)  
  26  2:29  Probe (Chrono Boost)  
  27  2:37  Stalker (Chrono Boost), Mothership Core (Chrono Boost)  
  29  2:38  Probe  
  29  2:42  Warp Gate  
  32  2:47  Forge  
  32  2:50  Probe  
  33  2:57  Probe  
  33  2:58  Pylon  
  33  3:02  Probe  
  35  3:07  Probe  
  36  3:13  Pylon  
  36  3:14  Probe  
  36  3:18  Probe  
  37  3:26  Probe  
  39  3:30  Nexus  
  38  3:42  Photon Cannon  
  38  3:48  Photon Cannon  
  38  3:49  Probe  
  38  3:50  Probe  
  40  4:10  Probe  
  40  4:11  Photon Cannon  
  40  4:14  Pylon  
  33  4:18  Probe  
  34  4:25  Probe  
  34  4:30  Robotics Facility  
  35  4:31  Probe  
  35  4:33  Stargate  
  36  4:38  Probe  
  36  4:42  Probe  
  38  4:50  Probe  
  39  4:53  Pylon  
  39  4:56  Probe  
  40  5:13  Probe  
  40  5:14  Probe, Photon Cannon  
  39  5:18  Assimilator  
  39  5:20  Assimilator  
  41  5:24  Probe (Chrono Boost)  
  41  5:25  Probe (Chrono Boost), Photon Cannon  
  41  5:26  Probe (Chrono Boost)  
  44  5:30  Observer  
  44  5:35  Probe (Chrono Boost)  
  45  5:36  Probe (Chrono Boost)  
  45  5:37  Probe (Chrono Boost)  
  45  5:42  Fleet Beacon  
  47  5:46  Probe x2 (Chrono Boost)  
  47  5:48  Probe (Chrono Boost)  
  48  5:57  Pylon  
  46  6:10  Pylon  
Show
View Real Time Build Order
Export as new Build Order

LilDicky Terran - Winner!

Build Orders: MMM Bio 

Get SALT Encoding   

  12  0:04  SCV  
  13  0:16  SCV  
  14  0:23  Supply Depot  
  14  0:28  SCV  
  15  0:35  Refinery  
  15  0:44  SCV  
  15  0:49  Barracks  
  16  0:56  SCV  
  17  1:09  SCV  
  18  1:21  SCV  
  19  1:33  SCV  
  19  1:36  Marine  
  19  1:37  Supply Depot  
  21  1:47  Factory  
  21  1:51  SCV  
  21  1:54  Marine  
  23  2:04  Barracks  
  23  2:06  Orbital Command  
  23  2:07  Barracks  
  23  2:20  Barracks Reactor, Refinery  
  23  2:31  SCV  
  23  2:32  Supply Depot  
  24  2:43  SCV  
  25  2:51  Barracks Tech Lab  
  25  2:54  Barracks Tech Lab  
  25  3:00  Marine x2  
  25  3:01  Widow Mine  
  29  3:12  Stimpack  
  28  3:13  Marine  
  28  3:14  Marine  
  30  3:21  Marine x2  
  30  3:24  Combat Shields  
  32  3:30  Supply Depot, Widow Mine  
  32  3:31  Marine x2  
  36  3:42  Marine x2  
  36  3:45  SCV  
  39  3:50  Starport  
  39  3:52  Marauder  
  39  3:53  Marine  
  42  4:03  Widow Mine  
  42  4:08  Marine x2  
  46  4:21  Marine  
  47  4:26  Marauder  
  47  4:33  Supply Depot  
  47  4:41  Medivac, Marine x2  
  47  4:43  Marauder  
  53  4:47  Marine  
  54  4:59  Marine  
  55  5:01  Marine  
  55  5:04  Marauder  
  55  5:06  Marauder  
  60  5:10  Concussive Shells  
  60  5:11  Medivac  
  62  5:17  Marine  
  62  5:18  Supply Depot  
  63  5:39  Marine x2  
  63  5:40  Marauder x2  
  69  5:43  Supply Depot  
  68  6:01  Marauder  
Tags
 
Add a new tag
Caveats
  • Supply blocks, unpowered buildings, or Contaminate may cause inaccurate times.
  • Supply counts are checked every 10 seconds.